 Dungeon Crawl Stone Soup version 0.13-a0-2519-g3c5fe84 (webtiles) character file.

316 Rycklaryybbe the Insei (level 5, -12/44 HPs)
             Began as a Draconian Monk on July 24, 2013.
             Mangled by an ogre
             ... wielding a +1,+1 great mace
              (15 damage)
             ... on Level 4 of the Dungeon.
             The game lasted 00:06:48 (3009 turns).

Rycklaryybbe the Insei (Draconian Monk)             Turns: 3009, Time: 00:06:48

HP -12/44        AC  5     Str 13      XL: 5   Next: 45%
MP   4/4         EV 12     Int 12      God:
Gold 121         SH  7     Dex 13      Spells:  0 memorised,  4 levels left

Res.Fire  : + . .   See Invis. : .     - Unarmed
Res.Cold  : x . .   Warding    : .   (armour unavailable)
Life Prot.: . . .   Conserve   : .   k - +0 elf buckler
Res.Poison: .       Res.Corr.  : .   (helmet restricted)
Res.Elec. : .       Clarity    : .   (no cloak)
Sust.Abil.: . .     Spirit.Shd : .   (no gloves)
Res.Mut.  : .       Stasis     : .   (no boots)
Res.Rott. : .       Flight     : .   (no amulet)
Saprovore : . . .                    (no ring)
                                     v - ring of fire

@: slightly resistant to hostile enchantments, fairly stealthy
A: unfitting armour, screaming 1, AC +5
a: no special abilities


You were on level 4 of the Dungeon.
You were not hungry.

You visited 1 branch of the dungeon, and saw 4 of its levels.

You collected 121 gold pieces.

Inventory:

Hand weapons
 c - a +0,+0 sling
 d - a +0,+0 dagger (quivered)
 o - a +1,+1 trident
 p - a cursed -2,+0 club
 A - a -2,-1 dagger
Armour
 k - a +0 elven buckler (worn)
Magical devices
 n - a wand of digging (19) {unknown}
Comestibles
 b - a bread ration
 i - a lychee
 l - a meat ration
 x - a rotting chunk of quokka flesh
 z - a rotting chunk of worm flesh
Scrolls
 e - 2 scrolls of enchant weapon II {unknown}
 f - a scroll of curse armour {unknown}
 g - a scroll of noise {unknown}
 h - a scroll of blinking {unknown}
 j - a scroll of remove curse
 m - a scroll of random uselessness {unknown}
 q - 5 scrolls of identify
 r - a scroll of amnesia {unknown}
 s - a scroll of enchant weapon I {unknown}
 u - 2 scrolls of enchant armour {unknown}
 w - 2 scrolls of fear {unknown}
 y - a scroll of recharging {unknown}
Jewellery
 v - a ring of fire (left hand)
Potions
 a - a potion of degeneration {unknown}
 t - a potion of brilliance
 B - a potion of curing {unknown}


   Skills:
 - Level 3.2 Fighting
 - Level 2.6 Dodging
 - Level 1.7 Stealth
 + Level 6.8 Unarmed Combat


You had 4 spell levels left.
You didn't know any spells.

Dungeon Overview and Level Annotations

Branches:
Dungeon (4/27)
 Temple: D:4-7

Altars:
Sif Muna
Zin


Innate Abilities, Weirdness & Mutations

Your plain brown scales are hard (AC +5).
Your body does not fit into most forms of armour.
Your cold-blooded metabolism reacts poorly to cold.
You occasionally shout uncontrollably.


Message History

An orc comes into view. It is wielding an orcish hand axe.
The orc shouts!
Found 13 gold pieces.
An ogre comes into view. It is wielding a great mace.
You hit the ogre.
The ogre is lightly wounded.
The ogre hits you with a great mace!
You hit the ogre. You tail-slap the ogre.
The ogre is moderately wounded.
The ogre hits you with a great mace!
You hit the ogre.
The ogre is heavily wounded.
You hit the ogre.
The ogre is heavily wounded.
The ogre hits you with a great mace!
* * * LOW HITPOINT WARNING * * *
You hit the ogre.
The ogre is heavily wounded.
The ogre hits you with a great mace!
You die...

#### #.##.######.###
..###.#..<(.......#
..##....###.##..#.#
#.#.....# #.##..#.#
###%#.....###.##..#.#
#.................#.# #
#.#.#.....###.##.##.#
#.#.#.#.....##...#.##.#
#.......oO@....#.#.##.#
.........#?#.#.#.##...#.##>#
.$..............######.##.#
..#######.#####... .....# .
#.. ...... ###### #.## #####
#.# #.# #.#


You could see an ogre and an orc.

Vanquished Creatures
  A worker ant (D:4)
  Jessica (D:3)
  6 adders
  2 worms
  3 giant geckos
  6 orcs
  18 goblins
  12 hobgoblins
  2 quokkas
  A ball python (D:2)
  11 bats
  3 giant cockroaches
  5 giant newts
  7 kobolds
  A kobold zombie (D:3)
  5 rats
84 creatures vanquished.

Notes
Turn   | Place    | Note
--------------------------------------------------------------
     0 | D:1      | Rycklaryybbe, the Draconian Monk, began the quest for the Orb.
     0 | D:1      | Reached XP level 1. HP: 17/17 MP: 0/0
   231 | D:1      | Reached XP level 2. HP: 24/24 MP: 1/1
   571 | D:1      | Reached skill level 5 in Unarmed Combat
   604 | D:1      | Reached XP level 3. HP: 30/30 MP: 2/2
   820 | D:2      | Found a glowing silver altar of Zin.
  1505 | D:2      | Reached XP level 4. HP: 37/37 MP: 3/3
  2100 | D:3      | Reached skill level 6 in Unarmed Combat
  2182 | D:3      | Found a deep blue altar of Sif Muna.
  2301 | D:3      | Gained mutation: You occasionally shout uncontrollably. [potion of mutation]
  2301 | D:3      | Gained mutation: Your muscles are strong, but stiff (Str +1, Dex -1). [potion of mutation]
  2301 | D:3      | Lost mutation: Your muscles are strong, but stiff (Str +1, Dex -1). [potion of mutation]
  2664 | D:3      | Noticed Jessica
  2668 | D:3      | Killed Jessica
  2668 | D:3      | Reached XP level 5. HP: 35/44 MP: 4/4
  2997 | D:4      | Noticed an ogre
  3005 | D:4      | HP: 2/44 [ogre/great mace (18)]
  3009 | D:4      | Mangled by an ogre

Action                   |  1- 3 |  4- 6 || total
-------------------------+-------+-------++-------
Melee: Unarmed           |   139 |    40 ||   179
       Trident           |    19 |    53 ||    72
       Dagger            |       |    25 ||    25
  Use: Scroll            |       |     3 ||     3
       Potion            |       |     3 ||     3
 Stab: Sleeping          |     2 |     2 ||     4
       Distracted        |       |     1 ||     1
